 Dungeon Crawl Stone Soup version 0.30-a0-451-ge042605de7 (webtiles) character file.

Game seed: 15622913898755425967

1098 freelancePsychic the Slasher (level 8, -2/57 HPs)
             Began as an Octopode Gladiator on Dec 12, 2022.
             Was a Follower of Ashenzari.
             Slain by a gnoll bouda
             ... wielding a +0 club
              (12 damage)
             ... on level 6 of the Dungeon.
             The game lasted 00:08:42 (4946 turns).

freelancePsychic the Slasher (Octopode Gladiator)   Turns: 4946, Time: 00:08:43

Health: -2/57      AC:  1    Str: 14    XL:     8   Next: 32%
Magic:  8/8        EV: 15    Int: 10    God:    Ashenzari [*.....]
Gold:   174        SH:  0    Dex: 15    Spells: 7/7 levels left

rFire   . . .      SeeInvis .    a - +1 long sword (venom)
rCold   . . .      Faith    .    (no shield)
rNeg    . . .      Spirit   .    b - +0 hat "Chained Trepidation" {Self, Comp} (curse)
rPois   .          Reflect  .    (no amulet)
rElec   .          Harm     .    f - ring of the Revealing Anxiety {Will+, Bglg, Fort} (curse)
rCorr   .          Rampage  .    (no ring)
Will    +....                    (no ring)
Stlth   ++++......               (no ring)
HPRegen 0.29/turn                (no ring)
MPRegen 0.11/turn                (no ring)
                                 (no ring)
                                 (no ring)

@: weakened
A: almost no armour, amphibious, 8 rings, camouflage 1, gelatinous body 1,
(nimble swimmer 1), tentacles
a: Renounce Religion, Curse Item, Shatter the Chains


You were on level 6 of the Dungeon.
You worshipped Ashenzari.
Ashenzari was aware of your devotion.
You visited 1 branch of the dungeon, and saw 6 of its levels.

You collected 174 gold pieces.

Inventory:

Hand Weapons
 a - a +1 long sword of venom (weapon)
 n - the +3 whip of Gluttony {venom, Str+2}
   (You found it on level 3 of the Dungeon)

   It poisons the flesh of those it strikes.
   Str:       It affects your strength (+2).
Missiles
 c - 2 throwing nets
 d - a javelin
 k - 17 poisoned darts (quivered)
Armour
 b - the cursed +0 hat "Chained Trepidation" (worn) {Self, Comp}

   It has a curse which improves the following skills: Introspection: Fighting
   and Spellcasting.
   Companions: Summonings and Necromancy.
Jewellery
 f - the cursed ring of the Revealing Anxiety (left tentacle) {Will+, Bglg, Fort}
   (You found it on level 1 of the Dungeon)

   [ring of willpower]

   Will:      It increases your willpower.
   It has a curse which improves the following skills: Beguiling: Conjurations,
   Hexes and Translocations.
   Fortitude: Shields.
 g - a +6 ring of dexterity
Wands
 x - a wand of paralysis (5)
Scrolls
 h - a scroll of teleportation {@r4}
 m - 3 scrolls of vulnerability
 p - a scroll of enchant weapon
 q - a scroll of enchant armour
 r - a scroll of identify {@r1}
 s - a scroll of blinking
 u - a scroll of torment
Potions
 e - a potion of might
 i - a potion of attraction
 j - 2 potions of lignification
 l - 2 potions of haste {@q3}
 o - a potion of flight
 t - 3 potions of berserk rage
 v - a potion of magic
 w - 2 potions of heal wounds {@q2}
 z - a potion of cancellation


   Skills:
 + Level 4.8(5.7) Fighting
 * Level 7.1 Long Blades
 - Level 2.0 Throwing
 + Level 4.6 Dodging
 - Level 5.4 Stealth


You had 7 spell levels left.
You didn't know any spells.
Your spell library contained the following spells:

 Spells                   Type           Power      Damage    Failure   Level
 Shock                    Conj/Air       0%         1d3       36%         1
 Swiftness                Air            0%         N/A       75%         3
 Airstrike                Air            0%         2d(0-16)  98%         4


Dungeon Overview and Level Annotations

Branches:
Dungeon (6/15)
 Temple: D:4-7

Altars:
Ashenzari
Dithmenos
Elyvilon
Fedhas
Okawaru
Trog
Vehumet
Xom
The Shining One

Annotations:
D:6 Dowan


Innate Abilities, Weirdness & Mutations

You cannot wear most types of armour.
You are amphibious.
You can wear up to eight rings at the same time.
Your skin changes colour to match your surroundings (Stealth+).
Your rubbery body absorbs attacks. (AC +1, EV +1)
((You are camouflaged when in or above water. (Stealth+)))
You have tentacles for arms and can constrict up to eight enemies at once.


Message History

You hit the gnoll.
You kill the gnoll!
HP restored.
k - 16 poisoned darts (gained 1)
k - 17 poisoned darts (gained 1) Dowan, Brother of Duvessa comes into view.
He is wielding a +5 dagger.
The gnoll shouts!
The gnoll hits you with a +0 halberd!
The gnoll shouts!
You hit the gnoll.
The gnoll is poisoned.
Your grab misses the gnoll. You squeeze the gnoll!
You kill the gnoll!
The gnoll misses you.
You see here a +0 halberd.
The gnoll hits you with a +0 spear!
The gnoll bouda gazes fiercely through you!
You feel your attacks grow feeble.
You hit the gnoll bouda. You grab the gnoll bouda.
The gnoll bouda is moderately wounded.
You constrict the gnoll bouda, but do no damage.
The gnoll hits you with a +0 spear!
The gnoll bouda barks out a call to the hunt!
The gnoll picks up the pace!
You hit the gnoll bouda.
The gnoll bouda is poisoned.
The gnoll bouda is moderately wounded.
You constrict the gnoll bouda, but do no damage.
The gnoll hits you with a +0 spear!
The gnoll bouda hits you with a +0 club.
You hit the gnoll bouda.
The gnoll bouda looks as sick as possible!
The gnoll bouda is heavily wounded.
You constrict the gnoll bouda. The gnoll barely misses you.
The gnoll bouda closely misses you.
You hit the gnoll bouda but do no damage.
The gnoll bouda looks as sick as possible!
The gnoll bouda is severely wounded.
You constrict the gnoll bouda. The gnoll hits you with a +0 spear!
* * * LOW HITPOINT WARNING * * *
The gnoll bouda hits you with a +0 club!
You die...

#.....# .....
##...##...... ###
###............
#.####....#.........
#......######......
##.##..## #......
##..##..# #.......
##).####)## ........
#.<## #@.# ... ##...
#..## #gg###.. .....
#..#..# ..##...
##....# ##..
#####....# ##.
...gg...## #.
...gg..<# ##
.#......# #.#####.


You could see a gnoll bouda (extremely poisoned) and a gnoll (swift).

Vanquished Creatures
  A black bear (D:4)
  An ogre (D:5)
  A phantom (D:5)
  A necrophage (D:5)
  3 scorpions
  A jelly (D:4)
  3 iguanas
  4 orc wizards
  Natasha (thrice) (D:3)
  5 adders
  15 gnolls
  3 ufetubi
  2 worms
  3 dart slugs
  14 orcs
  12 ball pythons
  2 bats
  5 endoplasms
  A giant cockroach (D:2)
  7 goblins
  11 hobgoblins
  10 jackals
  2 quokkas
  5 frilled lizards
  7 kobolds
  5 rats
127 creatures vanquished.

Vanquished Creatures (others)
  An endoplasm (D:4)
  A jackal (D:4)
  26 plants (D:4)
28 creatures vanquished.

Grand Total: 155 creatures vanquished

Notes
Turn   | Place    | Note
-------+----------+-------------------------------------------
     0 | D:1      | freelancePsychic the Octopode Gladiator began the quest for
                  | the Orb.
     0 | D:1      | Reached XP level 1. HP: 14/14 MP: 1/1
   172 | D:1      | Reached XP level 2. HP: 18/19 MP: 2/2
   337 | D:1      | Reached XP level 3. HP: 25/25 MP: 3/3
   545 | D:1      | Reached skill level 1 in Stealth
  1108 | D:2      | Reached XP level 4. HP: 5/30 MP: 4/4
  1635 | D:3      | Reached skill level 4 in Long Blades
  1662 | D:3      | Noticed Natasha
  1682 | D:3      | Found a white marble altar of Elyvilon.
  1777 | D:3      | Identified the +3 whip of Gluttony {venom, Str+2}
  1845 | D:3      | Killed Natasha
  1846 | D:3      | Reached XP level 5. HP: 36/36 MP: 5/5
  1851 | D:3      | Noticed Natasha
  1865 | D:3      | Killed Natasha
  1874 | D:3      | Noticed Natasha
  1884 | D:3      | Killed Natasha
  1982 | D:3      | Found a broken altar of Ashenzari.
  2433 | D:3      | Reached XP level 6. HP: 37/42 MP: 6/6
  2509 | D:3      | Became a worshipper of Ashenzari the Shackled
  2714 | D:3      | Reached skill level 5 in Stealth
  2877 | D:4      | Reached skill level 5 in Long Blades
  3063 | D:4      | Reached XP level 7. HP: 20/47 MP: 7/7
  3681 | D:4      | Found a bloodstained altar of Trog.
  3681 | D:4      | Found a shadowy altar of Dithmenos.
  3782 | D:5      | Entered Level 5 of the Dungeon
  3792 | D:4      | Reached skill level 6 in Long Blades
  4154 | D:5      | Reached * piety under Ashenzari
  4251 | D:5      | Reached XP level 8. HP: 35/55 MP: 8/8
  4463 | D:5      | Reached skill level 7 in Long Blades
  4624 | D:5      | Found a radiant altar of Vehumet.
  4624 | D:5      | Found a blossoming altar of Fedhas.
  4624 | D:5      | Found a shimmering altar of Xom.
  4625 | D:5      | Found a glowing golden altar of the Shining One.
  4629 | D:5      | Found an iron altar of Okawaru.
  4927 | D:6      | Noticed Dowan
  4946 | D:6      | Slain by a gnoll bouda

Illustrated notes

Levels and vault maps discovered:
D:1:      erik_arrival_triangle_small, layout_loops_ring
D:2:      layout_basic, serial_curves, eino_curves_01, eino_curves_03,
          eino_curves_01
D:3:      layout_basic, lemuel_doored_altar, nicolae_ashenzari_skybound,
          chequers_serial_rivers_micro_d, skrybe_limestone_x, uniq_natasha
D:4:      layout_rooms, amethyst_overflow_temple_binary, serial_bayou,
          serial_bayou_shore_b, serial_bayou_ford_a, serial_bayou_pond_b,
          serial_bayou_crossing, serial_bayou_pond_c, grunt_ministairs_14,
          minivault_24, lemuel_flame_loot_1
D:5:      layout_cave_pools, minitemple
D:6:      layout_layer_cave, uniq_duvessa, uniq_sigmund

Skill      XL: |  1  2  3  4  5  6  7  8 |
---------------+-------------------------+-----
Stealth        | 2 3 4 5 |  5.4
Long Blades    | 4 5 6 7 |  7.1
Fighting       | 3 4 |  4.8
Dodging        | 4 |  4.6
Throwing       | |  2.0

Action                   |  1- 3 |  4- 6 |  7- 9 || total
-------------------------+-------+-------+-------++-------
Melee: Long sword        |    66 |    89 |    87 ||   242
       Constrict         |    18 |    21 |    22 ||    61
       Tentacles         |    13 |    18 |    18 ||    49
       Punch             |     1 |       |     1 ||     2
Throw: Dart              |       |    42 |    25 ||    67
       Throwing net      |       |       |     1 ||     1
Invok: Curse Item        |       |       |     2 ||     2
  Use: Scroll            |       |     8 |     3 ||    11
       Potion            |       |     2 |     2 ||     4
 Stab: Sleeping          |     9 |     5 |     3 ||    17
       Distracted        |     1 |       |     1 ||     2
       Held in net/web   |       |       |     1 ||     1
Armor: Skin              |       |     3 |     2 ||     5
Dodge: Dodged            |    41 |    74 |    69 ||   184

Table legend: (Time is in decaauts)
 A = Elapsed time spent in this place.
 B = Non-inter-level travel time spent in this place.
 C = Inter-level travel time spent in this place.
 D = Time resting spent in this place.
 E = Time spent auto-exploring this place.
 F = Levels seen in this place.
 G = Mean time per level.
                   A        B        C        D        E       F      G
               +--------+--------+--------+--------+--------+-----+--------+
         Total |   4980 |   4769 |    211 |    331 |   3415 |   6 |  830.0 |
       Dungeon |   4980 |   4769 |    211 |    331 |   3415 |   6 |  830.0 |
               +--------+--------+--------+--------+--------+-----+--------+

Top non-repeatable levels by time:
     D:3: 1389 daAuts
     D:4: 1015 daAuts
     D:2: 871 daAuts
     D:5: 861 daAuts
     D:1: 735 daAuts
     D:6: 106 daAuts
